cohdb
Replays
Latest Replays
All Replays
Popular Replays
Top Player Replays
Match Explorer
How It Works
Community
CoH3 Stats
Reddit
Sign in to upload your games and track your stats! →
Sign in with Steam
Match 43462680
Unlisted
Match 43462680
Overview
Messages
Build Orders
End
Construct Section Command Post
Infantry Section
Infantry Section
Dingo Light Scout Car
Infantry Section
Construct Platoon Command Post
Infantry Section
Construct Company Command Post
Unlock M3 Grant Medium Tanks
Selects Air and Sea Battlegroup
Selects Supply Surplus
Construct Field Infirmary
M3 Grant Medium Tank
Construct Resource Cache
Construct Resource Cache
Construct Resource Cache
M3 Grant Medium Tank
Selects UNKNOWN (223837)
Selects Assault Flares
Selects Commando Section Paradrop
Selects Commando Support Section Paradrop
Armored Vehicle Training
Masang
roshawnkne
Dad.ergo
Zamalek.YT ✪
MrBiggles
Zerg6412
흰수염고래
Mustache and Melons
0
0
Comments
sign in to comment!
No comments posted yet!